 Dungeon Crawl Stone Soup version 0.31-a0-703-gcfe89afef6 (webtiles) character file.

Game seed: 7167519189484868027

42 qw the Shooter (level 3, -6/22 HPs)
             Began as a Gargoyle Hunter on Sept 8, 2023.
             Mangled by Sigmund
             ... wielding a +0 scythe
              (10 damage)
             ... on level 2 of the Dungeon.
             The game lasted 00:00:21 (830 turns).

qw the Shooter (Gargoyle Hunter)                     Turns: 830, Time: 00:00:22

Health: -6/22      AC:  8    Str: 14    XL:     3   Next: 54%
Magic:  3/3        EV: 10    Int:  9    God:
Gold:   22         SH:  0    Dex: 15    Spells: 2/2 levels left

rFire   . . .        Y - +0 shortbow
rCold   . . .        (shield currently unavailable)
rNeg    + . .        f - +0 ring mail
rPois   inf          (no helmet)
rElec   +            (no cloak)
rCorr   .            (no gloves)
SInv    .            (no boots)
Will    .....        (no amulet)
Stlth   +            (no ring)
HPRegen 0.23/turn    (no ring)
MPRegen 0.08/turn

%: no passive effects
@: no status effects
A: sickness immunity, AC +3, negative energy resistance 1, electricity
resistance, torment resistance 1, petrification resistance
a: no special abilities


You were on level 2 of the Dungeon.
You visited 1 branch of the dungeon, and saw 2 of its levels.

You collected 22 gold pieces.


Innate Abilities, Weirdness & Mutations

You are immune to sickness and miasma.
Your stone body is resilient. (AC +3)
You are immune to poison.
You resist negative energy. (rN+)
You are resistant to electric shocks. (rElec)
You are resistant to unholy torment.
You are immune to petrification.


   Skills:
 + Level 2.4 Fighting
 - Level 5.0 Ranged Weapons
 - Level 1.0 Armour
 - Level 1.5 Dodging
 - Level 1.1 Stealth


You had 2 spell levels left.
You didn't know any spells.
Your spell library was empty.

Inventory:

Hand Weapons
 Y - a +0 shortbow (weapon)
Armour
 f - a +0 ring mail (worn)
Potions
 a - a potion of brilliance {unknown}
 d - a potion of might {unknown}

Dungeon Overview and Level Annotations

Branches:
Dungeon (2/15)

Altars:

Shops:
D:1 =

Annotations:
D:2 Sigmund


Message History

760 ||| FLEEEEING.
761 ||| STILL FLEEEEING.
762 ||| FLEEEEING.
763 ||| FLEEEEING.
764 ||| STILL FLEEEEING.
765 ||| STILL FLEEEEING.
766 ||| STILL FLEEEEING.
There is a stone staircase leading up here.
767 ||| STAIRDANCE You climb upwards.
There is a stone staircase leading down here.
You start resting.
HP restored.
Done exploring.
What level of the Dungeon? (default 2, ? - help)
You climb downwards.
The orc hits you with a +0 club.
There is a stone staircase leading up here.
You shoot an arrow. The arrow barely misses the orc.
The orc misses you.
You shoot an arrow. The arrow hits the orc!
You kill the orc!
You now have 22 gold pieces (gained 13).
Things that are here:
a +0 club; an orc corpse Sigmund the Dreaded comes into view.
He is wielding a +0 scythe.
Sigmund shouts!
Sigmund casts a spell.
Sigmund flickers and vanishes!
Deactivating autopickup; reactivate with Ctrl-A.
You shoot an arrow. You shoot an arrow. You shoot an arrow. Something hits you!
You shoot an arrow. Something hits you.
You shoot an arrow. Something hits you.
You shoot an arrow. Something hits you!
You die...

#.# #.# #.# #.#
#.# #.#
#.########.#######
#..........<).@..#
#######.##..####.#
#...........# ..
#.###.#####.# ##
#.# #.# #.# #.#
#.# #.# ###.#
#.#####.#
.)..###.......###
##........#.....#


There were no monsters in sight!

Vanquished Creatures
  A dart slug (D:1)
  3 orcs (D:2)
  5 endoplasms (D:1)
  3 giant cockroaches
  5 goblins
  3 hobgoblins (D:2)
  4 kobolds (D:1)
  A quokka (D:1)
  A bat (D:1)
  2 frilled lizards (D:1)
  3 rats (D:1)
31 creatures vanquished.

Notes
Turn   | Place    | Note
-------+----------+-------------------------------------------
     0 | D:1      | qw the Gargoyle Hunter began the quest for the Orb.
     0 | D:1      | Reached XP level 1. HP: 12/12 MP: 1/1
     0 | D:1      | 0 ||| qw: Version: 0.3-a-76-g4403597
     0 | D:1      | 0 ||| qw: Game counter: 1274
     0 | D:1      | 0 ||| qw: Melee chars always use a shield: true
     0 | D:1      | 0 ||| qw: God list: Okawaru
     0 | D:1      | 0 ||| qw: Allow faded altars: false
     0 | D:1      | 0 ||| qw: Do Orc after clearing Dungeon:15 true
     0 | D:1      | 0 ||| qw: Do second Lair branch before Depths: true
     0 | D:1      | 0 ||| qw: Lair rune preference: random
     0 | D:1      | 0 ||| qw: Goals: Normal
     0 | D:1      | 0 ||| PLANNING D:1-11
    71 | D:1      | Reached XP level 2. HP: 17/17 MP: 2/2
   152 | D:1      | Found Huiqocae's Jewellery Shoppe.
   159 | D:1      | 159 ||| SHOPLISTING +5 ring of evasion (504 gold, have 0).
   159 | D:1      | 159 ||| SHOPLISTING +6 ring of strength (504 gold, have 0).
   159 | D:1      | 159 ||| SHOPLISTING ring "Ekiqem" {rF+ Str+4 Int+2} (624
                  | gold, have 0).
   522 | D:1      | Reached XP level 3. HP: 21/21 MP: 3/3
   534 | D:1      | Found a faded altar of an unknown god.
   635 | D:1      | Reached skill level 5 in Ranged Weapons
   643 | D:1      | 643 ||| UPGRADING to +0 ring mail.
   653 | D:1      | 653 ||| DROPPING +0 leather armour.
   654 | D:1      | 654 ||| READING scroll labelled AVIYJUE QOPT.
   655 | D:1      | 655 ||| DROPPING scroll of butterflies.
   739 | D:2      | Reached skill level 1 in Armour
   746 | D:2      | HP: 5/21 [hobgoblin (2)]
   753 | D:2      | 753 ||| FLEEEEING.
   757 | D:2      | 757 ||| FLEEEEING.
   759 | D:2      | 759 ||| FLEEEEING.
   760 | D:2      | 760 ||| FLEEEEING.
   762 | D:2      | 762 ||| FLEEEEING.
   763 | D:2      | 763 ||| FLEEEEING.
   767 | D:2      | 767 ||| STAIRDANCE
   824 | D:2      | Noticed Sigmund
   829 | D:2      | HP: 4/22 [something (6)]
   830 | D:2      | Mangled by Sigmund

Levels and vault maps discovered:
D:1:      evilmike_arrival_crescent, layout_basic, serial_shops,
          nicolae_square_shop, hellmonk_ecumenical_altar_defaced_shrine
D:2:      layout_loops_ring, guppyfry_early_orc_mine, uniq_sigmund,
          uniq_jessica, uniq_crazy_yiuf_cottage

Skill      XL: |  1  2  3 |
---------------+----------+-----
Ranged Weapons | 5 |  5.0
Armour         | 1 |  1.0
Fighting       | |  2.4
Dodging        | |  1.5
Stealth        | |  1.1

Action                     || total
---------------------------++-------
   Fire: Shortbow          ||    85
    Use: Scroll            ||     1
 Armour: Leather armour    ||     6
         Ring mail         ||    21
  Dodge: Dodged            ||    30

Table legend:
 A = Non-vault XP
 B = Vault XP
 C = Vault XP percentage of total XP
 D = Non-vault monster count
 E = Vault monster count
 F = Vault count percentage of total count
                 A         B        C        D         E       F
            +---------+---------+-------+---------+---------+-------
      Total |      39 |      21 |  35.0 |      21 |      10 |  32.3
            +---------+---------+-------+---------+---------+-------
        D:1 |      33 |       6 |  15.4 |      18 |       4 |  18.2
        D:2 |       6 |      15 |  71.4 |       3 |       6 |  66.7
            +---------+---------+-------+---------+---------+-------
